AoeStats
← E-d-d-i-e91G

Black Forest

506784180Analyzed
2v2 RM · 18d ago on Sep 15, 2026· 77m 8s· 4 players
Game mode
Random Map
Map size
Medium (4 player)
Population
200
Speed
Normal
Resources
Standard
Victory
Conquest
Starting age
Dark Age
Ending age
Imperial Age
RankedLock teamsTeams togetherTeam positionsShared explorationLock speedFull tech treeHidden civsTurbo modeCheats
Victory
Defeat
🇪🇸 Persians · Spain
447
+19
🇯🇵 Spanish · Japan
356
+23
🇦🇺 Tupi · Australia
520
-31
🇦🇺 Celts · Australia
509
-28
PremixedHail436
0:28 Loom
18:22 Feudal Age
21:08 Horse Collar
21:17 Double-Bit Axe
21:33 Stone Mining
21:39 Man-at-Arms
22:05 Arson
22:26 Town Watch
28:52 Scale Mail Armor
28:53 Padded Archer Armor
30:03 Wheelbarrow
29:46 Gold Mining
30:41 Bloodlines
34:15 Castle Age
32:37 Scale Barding Armor
32:23 Fletching
33:02 Forging
37:05 Leather Archer Armor
37:12 Long Swordsman
37:38 Gambesons
37:54 Squires
37:22 Elite Skirmisher
39:49 Stone Shaft Mining
39:18 Heavy Plow
39:31 Bow Saw
39:27 Pikeman
41:04 Sanctity
40:45 Devotion
40:56 Redemption
40:46 Atonement
40:57 Fervor
40:43 Herbal Medicine
41:08 Heresy
42:51 Ballistics
43:19 Bodkin Arrow
43:40 Chain Mail Armor
44:01 Iron Casting
44:30 Chain Barding Armor
44:07 Guard Tower
44:27 Inquisition
45:11 Husbandry
44:33 Light Cavalry
49:23 Imperial Age
47:16 Murder Holes
47:33 Masonry
47:39 Fortified Wall
49:58 Thumb Ring
50:47 Faith
51:03 Theocracy
50:44 Block Printing
50:48 Hand Cart
50:38 Town Patrol
51:20 Plate Mail Armor
51:20 Ring Archer Armor
50:51 Bracer
51:05 Caravan
52:24 Blast Furnace
52:31 Supremacy
52:31 Conscription
52:41 Two-Handed Swordsman
52:42 Halberdier
52:47 Cavalier
55:00 Plate Barding Armor
54:39 Guilds
54:34 Champion
56:48 Chemistry
56:31 Illumination
57:17 Sappers
58:22 Hoardings
59:37 Elite Conquistador
69:20 Architecture
68:36 Arrowslits
72:06 Spies/Treason
76:06 Keep
75:11 Paladin
75:12 Hussar
75:38 Heavy Cavalry Archer
75:47 Onager
75:48 Capped Ram
godoyvagace
0:51 Loom
11:46 Feudal Age
13:00 Wheelbarrow
12:11 Horse Collar
12:23 Double-Bit Axe
12:21 Horse Collar
15:38 Gold Mining
16:11 Stone Mining
22:31 Castle Age
23:14 Forging
23:07 Scale Mail Armor
22:29 Man-at-Arms
23:43 Hand Cart
23:32 Heavy Plow
23:47 Bow Saw
23:31 Gambesons
23:18 Long Swordsman
24:32 Fletching
25:13 Squires
26:17 Gold Shaft Mining
27:44 Stone Shaft Mining
31:15 Iron Casting
30:56 Chain Mail Armor
30:44 Padded Archer Armor
30:40 Bodkin Arrow
35:39 Imperial Age
33:53 Masonry
34:04 Ballistics
34:24 Coinage
33:56 Caravan
34:37 Kamandaran
36:12 Leather Archer Armor
38:03 Two-Man Saw
37:28 Guilds
37:49 Banking
38:12 Thumb Ring
37:40 Crossbowman
40:25 Citadels
40:37 Conscription
40:57 Hoardings
42:47 Chemistry
42:19 Architecture
41:45 Murder Holes
45:31 Banking
45:48 Town Watch
48:46 Town Patrol
48:10 Onager
49:01 Pikeman
51:00 Ring Archer Armor
51:02 Plate Mail Armor
51:34 Blast Furnace
50:41 Scale Barding Armor
51:44 Crop Rotation
53:30 Halberdier
54:19 Elite War Elephant
E-d-d-i-e91G
9:26 Feudal Age
10:56 Double-Bit Axe
16:40 Horse Collar
20:07 Padded Archer Armor
21:08 Wheelbarrow
20:20 Town Watch
25:00 Gold Mining
25:01 Stone Mining
29:43 Castle Age
32:58 Caravan
33:38 Gold Shaft Mining
33:04 Elite Skirmisher
33:10 Pikeman
34:47 Heavy Plow
35:34 Hand Cart
38:00 Bow Saw
38:11 Leather Archer Armor
37:53 Fletching
41:42 Town Patrol
46:57 Caciques
51:19 Imperial Age
51:28 Elite Blackwood Archer
69:05 Two-Man Saw
IAMASTROMAN9714
9:16 Loom
15:27 Feudal Age
18:44 Gold Mining
22:18 Double-Bit Axe
24:03 Horse Collar
24:38 Forging
24:36 Scale Mail Armor
24:20 Man-at-Arms
34:04 Scale Barding Armor
34:01 Padded Archer Armor
33:52 Fletching
38:05 Castle Age
38:27 Stone Mining
41:39 Heavy Plow
42:17 Iron Casting
42:10 Chain Mail Armor
42:11 Leather Archer Armor
41:19 Elite Skirmisher
43:31 Long Swordsman
43:56 Gambesons
44:33 Bodkin Arrow
66:28 Crossbowman
Connection lost

Rejoining the realm…

Still unreachable

The connection could not be restored.

Session expired

The server has moved on; the page needs a fresh start.